 Dungeon Crawl Stone Soup version 0.20-a0-425-g5c7d01b (webtiles) character file.

280 Lacuenta the Chopper (level 6, -2/51 HPs)
             Began as a Formicid Monk on Dec 11, 2016.
             Was a Believer of Ieoh Jian.
             Succumbed to Snicker's ghost's poison
             ... on level 5 of the Dungeon.
             The game lasted 00:10:55 (4603 turns).

Lacuenta the Chopper (Formicid Monk)                Turns: 4603, Time: 00:10:55

Health: -2/51      AC:  5    Str: 18 (20) XL:     6   Next: 52%
Magic:  5/5        EV: 11    Int:  7 (9)  God:    Ieoh Jian [**....]
Gold:   238        SH:  0    Dex: 13 (14) Spells: 5/5 levels left

rFire  + . .     SeeInvis +     o - +1 dagger (elec)
rCold  + . .     Gourm    .     g - +0 ring mail
rNeg   + . .     Faith    +     (no shield)
rPois  .         Spirit   .     (helmet unavailable)
rElec  .         Reflect  .     (no cloak)
rCorr  .         Harm     .     (no gloves)
MR     .....                    (no boots)
Stlth  +.........               B - amulet of faith
                                s - ring of positive energy
                                d - ring of protection from cold

@: mighty, lethally poisoned (-2 -> -37), being watched over by the Council
A: permanent stasis, dig shafts and tunnels, four strong arms, antennae 3, dopey
1, fire resistance 1, low mp 1, robust 1
a: Dig, Shaft Self, Project Weapon, Renounce Religion, Steal And Renounce


You were on level 5 of the Dungeon.
You worshipped Ieoh Jian.
Ieoh Jian was pleased with you.
You were not hungry.

You visited 2 branches of the dungeon, and saw 6 of its levels.

You collected 238 gold pieces.

Inventory:

Hand Weapons
 a - a +0 hand axe
 o - a +1 dagger of electrocution (weapon)
Armour
 b - a +0 robe
 g - a +0 ring mail (worn)
Magical Staves
 D - an uncursed staff of summoning
Jewellery
 d - a ring of protection from cold (left hand)
 s - a ring of positive energy (right hand)
 B - an amulet of faith (around neck)
Wands
 z - a wand of random effects (41/48)
Scrolls
 e - 2 scrolls of teleportation
 f - a scroll of immolation {unknown}
 h - a scroll of enchant weapon {unknown}
 i - a scroll of amnesia
 j - a scroll of magic mapping
 n - a scroll of fear
 r - 3 scrolls of recharging
 w - a scroll of blinking {unknown}
 y - a scroll of remove curse {unknown}
Potions
 l - a potion of resistance
 m - a potion of brilliance
 t - a potion of might
 u - a potion of degeneration
 v - 2 potions of lignification
 x - a potion of mutation
 A - a potion of berserk rage {unknown}
 E - a potion of flight {unknown}
Comestibles
 c - 4 bread rations
 p - 6 meat rations
 F - a slice of pizza


   Skills:
 - Level 3.2 Fighting
 + Level 6.8 Axes
 - Level 2.6 Dodging
 - Level 2.4 Stealth


You had 5 spell levels left.
You didn't know any spells.

Dungeon Overview and Level Annotations

Branches:
Dungeon (5/15)             Temple (1/1) D:4

Altars:
Ashenzari
Cheibriados
Dithmenos
Elyvilon
Gozag
Hepliaklqana Ieoh Jian
Kikubaaqudgha
Makhleb
Nemelex Xobeh
Qazlal
Ru
Sif Muna
Uskayaw
Vehumet
Yredelemnul
Zin
The Shining One

Annotations:
D:4 Prince Ribbit
D:5 Grinder; Snicker's ghost, novice DsAs


Innate Abilities, Weirdness & Mutations

You cannot be hasted, slowed, berserked, paralysed or teleported.
You can dig through walls and to a lower floor.
Your four strong arms can wield two-handed weapons with a shield.
You have a pair of large antennae on your head. (SInv)
You are dopey. (Int -2)
Your flesh is heat resistant. (rF+)
Your magical capacity is low. (-10% MP)
You are robust. (+10% HP)


Message History

You are more poisoned.
You are too injured to fight recklessly!
You are too injured to fight recklessly!
It was a potion of mutation.
You feel extremely strange.
You feel stupid.
You feel less energetic.
You feel resistant to heat.
* * * LOW HITPOINT WARNING * * *
You feel very sick. Snicker's ghost hits you.
* * * LOW HITPOINT WARNING * * *
You are more poisoned.
It was a potion of beneficial mutation.
You feel robust.
You feel fantastic!
* * * LOW HITPOINT WARNING * * *
You feel very sick. Snicker's ghost completely misses you.
It was a potion of degeneration.
There was something very wrong with that liquid.
You feel weakened.
You feel dopey.
You feel clumsy.
You die...

. #.# ##.#
########..#
#.....|...#
#.[.......#
#.........#
#{@.......#####
#{W...........###
#.).......###...###
#.........#####....
#...........# #####
#(........#.#
####.######.# #.#
#.# ##.# #.#


You could see Snicker's ghost and 2 friendly +2 quarterstaves.

Vanquished Creatures
  2 scorpions (D:4)
  A bullfrog zombie (D:3)
  A hound (D:4)
  A worker ant (D:4)
  An adder (D:2)
  An ooze (D:1)
  A worm (D:3)
  2 dart slugs
  2 leopard geckos (D:1)
  9 orcs
  7 giant cockroaches
  8 hobgoblins
  3 jackals (D:1)
  8 kobolds
  2 quokkas
  4 ball pythons
  6 bats
  4 frilled lizards
  5 goblins
  A quokka skeleton (D:4)
  2 rats
71 creatures vanquished.

Vanquished Creatures (others)
  4 flying weapons
4 creatures vanquished.

Grand Total: 75 creatures vanquished

Notes
Turn   | Place    | Note
-------+----------+-------------------------------------------
     0 | D:1      | Lacuenta the Formicid Monk began the quest for the Orb.
     0 | D:1      | Reached XP level 1. HP: 18/18 MP: 1/1
   212 | D:1      | Reached XP level 2. HP: 21/24 MP: 2/2
   518 | D:1      | Reached skill level 4 in Axes
   518 | D:1      | Reached XP level 3. HP: 29/29 MP: 3/3
  1564 | D:2      | Reached XP level 4. HP: 35/35 MP: 4/4
  1980 | D:3      | Reached skill level 5 in Axes
  2581 | D:3      | Reached XP level 5. HP: 24/41 MP: 5/5
  2959 | D:3      | Found a hazy altar of Hepliaklqana.
  2959 | D:3      | Found a basalt altar of Yredelemnul.
  3060 | D:4      | Found a white marble altar of Elyvilon.
  3258 | D:4      | Found a staircase to the Ecumenical Temple.
  3265 | Temple   | Entered the Ecumenical Temple
  3270 | Temple   | Became a worshipper of Ieoh Jian the Bladed Council
  3270 | Temple   | Reached * piety under Ieoh Jian
  3270 | Temple   | Reached ** piety under Ieoh Jian
  3303 | D:4      | Reached skill level 6 in Axes
  3303 | D:4      | Reached XP level 6. HP: 23/47 MP: 2/6
  3861 | D:5      | Entered Level 5 of the Dungeon
  3866 | D:5      | Noticed Grinder
  3867 | D:5      | Noticed an ogre
  3902 | D:5      | Noticed Prince Ribbit
  3902 | D:5      | Noticed a sky beast
  4334 | D:5      | Noticed Snicker's ghost (novice DsAs)
  4601 | D:5      | Gained mutation: You are dopey. (Int -2) [potion of mutation]
  4601 | D:5      | Gained mutation: Your magical capacity is low. (-10% MP) [potion of mutation]
  4601 | D:5      | Gained mutation: Your flesh is heat resistant. (rF+) [potion of mutation]
  4602 | D:5      | Gained mutation: You are robust. (+10% HP) [potion of beneficial mutation]
  4602 | D:5      | HP: 1/51 [poisoned by Snicker's ghost]
  4603 | D:5      | Succumbed to Snicker's ghost's poison

Vault maps used:
D:1:      minmay_arrival_widening_spiral_wide
D:2:      minmay_cupped
D:3:      corexii_shack_village, amethyst_overflow_temple_binary, first_bread
D:4:      elyvilon_altar_3
D:5:      kennysheep_generic_room_4, uniq_menkaure, uniq_prince_ribbit1,
          uniq_sigmund, uniq_grinder
Temple:   minmay_freezing_vapour_temple

Skill      XL: |  1  2  3  4  5 |
---------------+----------------+-----
Axes           | 4 5 6 |  6.8
Fighting       | |  3.2
Dodging        | |  2.6
Stealth        | |  2.4

Action                   |  1- 3 |  4- 6 || total
-------------------------+-------+-------++-------
Melee: Hand axe          |   100 |   125 ||   225
       Dagger            |       |    48 ||    48
       Unarmed           |       |     3 ||     3
       Punch             |       |     1 ||     1
Invok: Project Weapon    |       |     1 ||     1
Evoke: Wand              |       |     3 ||     3
  Use: Potion            |       |     8 ||     8
       Scroll            |       |     7 ||     7
 Stab: Sleeping          |     3 |     4 ||     7
  Eat: Chunk             |     2 |     5 ||     7
       Bread ration      |       |     1 ||     1
Armor: Ring mail         |    41 |    44 ||    85
Dodge: Dodged            |    64 |    89 ||   153
